 Dungeon Crawl Stone Soup version 0.18-a0-1243-g9e52518 (webtiles) character file.

205 M4edhros the Sneak (level 5, -3/33 HPs)
             Began as an Octopode Artificer on Feb 6, 2016.
             Slain by an orc
             ... wielding a +0 flail
              (8 damage)
             ... on level 4 of the Dungeon.
             The game lasted 00:02:31 (1121 turns).

M4edhros the Sneak (Octopode Artificer)             Turns: 1121, Time: 00:02:32

Health: -3/33      AC:  1    Str: 11    XL:     5   Next: 83%
Magic:  8/8        EV: 13    Int: 15    God:
Gold:   59         SH:  0    Dex: 12    Spells: 0 memorised, 4 levels left

rFire  . . .     SeeInvis .     a - +0 short sword
rCold  . . .     Gourm    .     (no shield)
rNeg   . . .     Faith    .     (helmet restricted)
rPois  .         Spirit   .     (no amulet)
rElec  .         Dismiss  .     (no ring)
rCorr  .         Reflect  .     (no ring)
SustAt .         Harm     .     (no ring)
MR     .....                    (no ring)
Stlth  ++++......               (no ring)
                                (no ring)
                                (no ring)
                                (no ring)

@: not resistant to hostile enchantments, stealthy
A: almost no armour, amphibious, 8 rings, constrict 8, camouflage 1, gelatinous
body 1
a: no special abilities


You were on level 4 of the Dungeon.
You were not hungry.

You visited 1 branch of the dungeon, and saw 4 of its levels.

You collected 59 gold pieces.

Inventory:

Hand Weapons
 a - a +0 short sword (weapon)
 i - a +0 hunting sling
Missiles
 j - 27 stones (quivered)
 n - 3 javelins
Wands
 b - a wand of flame (14/48)
 c - a wand of enslavement (12/24)
 d - a wand of random effects (9/48)
Scrolls
 e - a scroll of fear {unknown}
 h - a scroll of random uselessness {unknown}
 k - a scroll of amnesia {unknown}
 l - a scroll of magic mapping {unknown}
 s - a scroll of recharging {unknown}
Potions
 g - a potion of curing
 o - a potion of brilliance {unknown}
 p - a potion of flight {unknown}
 r - a potion of poison {unknown}
Comestibles
 f - a bread ration
 m - a meat ration
 q - a chunk of flesh


   Skills:
 - Level 1.0 Fighting
 - Level 1.0 Short Blades
 * Level 2.0 Slings
 * Level 3.4 Dodging
 * Level 4.6 Stealth
 + Level 4.2 Evocations


You had 4 spell levels left.
You didn't know any spells.

Dungeon Overview and Level Annotations

Branches:
Dungeon (4/15)
 Temple: D:4-7

Altars:
Sif Muna

Annotations:
D:4 M4edhros's ghost, amateur OpAr


Innate Abilities, Weirdness & Mutations

You cannot wear most types of armour.
You are amphibious.
You can wear up to eight rings at the same time.
You can use your tentacles to constrict eight enemies at once.
Your skin changes colour to match your surroundings (Stealth).
Your rubbery body absorbs attacks (AC +1).


Message History

You hit the adder but do no damage.
The adder is almost dead.
You constrict the adder.
You kill the adder!
The orc hits you.
Unknown command.
You hit the orc but do no damage. You grab the orc. You constrict the orc.
The orc barely misses you. The orc hits you with a flail.
* * * LOW HITPOINT WARNING * * *
Unknown command.
You are too injured to fight recklessly!
Evoke which item? (* to show all) (? for menu, Esc to quit)
Zapping:
b - a wand of flame (15/48)
Press: ? - help, Shift-Dir - straight line, f - orc
Aim: an orc, wielding a flail and wearing a leather armour (moderately wounded, constricted by you)
The puff of flame hits the orc.
The orc is almost dead.
This wand has 14 charges left.
You constrict the orc. The orc barely misses you.
The orc hits you with a flail!
You die...

.... .... ### .....
#.# ..... #.#
oo....##.## ##
......#...# ###.
#...)..###########...
#)o..##......)..##
#@o.......#.#.#.#.
#.##.##..#.#.#.#.#
#..##.##...#.#.#.#.
.<.###.##.<#.#.#.#.#
....# #......#.#.#.#.
......
###.###.#.#.#.#
...... #. #.#.#.#.#.
....( #.###.#.#.#.#
..... # #..#.#W#.#.#.


You could see 2 orcs.

Vanquished Creatures
  A hound (D:3)
  A giant frog skeleton (D:4)
  An orc wizard (D:4)
  A worker ant (D:4)
  3 adders
  A worm (D:4)
  A giant gecko (D:1)
  5 orcs
  2 bats
  2 giant cockroaches (D:1)
  4 goblins
  2 hobgoblins
  6 jackals (D:1)
  2 giant newts
  5 kobolds
  A rat (D:1)
38 creatures vanquished.

Vanquished Creatures (collateral kills)
  An iguana (D:4)
1 creature vanquished.

Vanquished Creatures (others)
  An orc wizard (D:4)
  An adder (D:4)
2 creatures vanquished.

Grand Total: 41 creatures vanquished

Notes
Turn   | Place    | Note
--------------------------------------------------------------
     0 | D:1      | M4edhros the Octopode Artificer began the quest for the Orb.
     0 | D:1      | Reached XP level 1. HP: 13/13 MP: 3/3
   162 | D:1      | Reached XP level 2. HP: 16/18 MP: 4/4
   394 | D:2      | Found a deep blue altar of Sif Muna.
   412 | D:2      | Reached XP level 3. HP: 19/23 MP: 5/5
   737 | D:3      | Reached XP level 4. HP: 24/28 MP: 6/6
   779 | D:3      | Reached skill level 1 in Slings
   809 | D:4      | Reached skill level 4 in Evocations
   824 | D:4      | Noticed M4edhros's ghost (amateur OpAr)
   852 | D:4      | Reached XP level 5. HP: 20/33 MP: 8/8
  1121 | D:4      | Slain by an orc

Vault maps used:
D:1:      dpeg_arrival_windows_large_door
D:2:      makhleb_altar_promises_db, led_sif_pool, uniq_natasha
D:4:      kennysheep_ying_yang, minivault_23

Action                   |  1- 3 |  4- 6 || total
-------------------------+-------+-------++-------
Melee: Short sword       |    65 |    39 ||   104
Evoke: Wand              |       |    10 ||    10
  Use: Potion            |     2 |     1 ||     3
 Stab: Sleeping          |     5 |     1 ||     6
       Distracted        |     1 |       ||     1
  Eat: Chunk             |       |     1 ||     1
